 Dungeon Sprint DCSS version 0.30-a0-953-g5f1da4a474 (webtiles) character file.

Game seed: 13316670333193522736

58 dialectric the Covert (level 3, -5/19 HPs)
             Began as a Spriggan Brigand on Mar 28, 2023.
             Slain by a scorpion (7 damage)
             ... in the Dungeon (Sprint II: "The Violet Keep of Menkaure").
             The game lasted 00:00:25 (27 turns).

dialectric the Covert (Spriggan Brigand)              Turns: 27, Time: 00:00:25

Health: -5/19      AC:  3    Str:  7    XL:     3   Next: 75%
Magic:  4/4        EV: 17    Int: 12    God:
Gold:   0          SH:  0    Dex: 18    Spells: 2/2 levels left

rFire   . . .      SeeInvis +    a - +2 dagger
rCold   . . .      Faith    .    (no shield)
rNeg    . . .      Spirit   .    b - +0 robe
rPois   .          Reflect  .    (helmet restricted)
rElec   .          Rampage  .    c - +0 cloak
rCorr   .          NoTele   +    (gloves unavailable)
Will    .....                    (boots unavailable)
Stlth   +++++                    (no amulet)
HPRegen 0.23/turn                (no ring)
MPRegen 0.09/turn                (no ring)

@: lethally poisoned (-5 -> -10), on berserk cooldown, slowed, quick
A: very small, no large weapons, unfitting armour, see invisible, speed 3
a: no special abilities


You were in the Dungeon.
You visited 1 branch

Inventory:

Hand Weapons
 a - a +2 dagger (weapon)
Missiles
 d - 9 poisoned darts (quivered)
 e - 3 curare-tipped darts
Armour
 b - a +0 robe (worn)
 c - a +0 cloak (worn)
Scrolls
 k - a scroll of blinking
Potions
 f - a potion of curing
 g - a potion of heal wounds
 h - a potion of haste
 i - 2 potions of magic


   Skills:
 + Level 2.3 Fighting
 + Level 3.3 Short Blades
 - Level 2.9 Throwing
 + Level 1.8 Dodging
 + Level 11.2 Stealth


You had 2 spell levels left.
You didn't know any spells.
Your spell library was empty.

Dungeon Overview and Level Annotations

Branches:
Dungeon (1/1)

Altars:


Innate Abilities, Weirdness & Mutations

You are very small and have problems with some larger weapons.
You are too small for most types of armour.
You have supernaturally acute eyesight. (SInv)
You cover ground extremely quickly. (Speed+++)


Message History

You feel sick. The scorpion barely misses you.
You closely miss the scorpion.
The scorpion is severely wounded.
You hit the scorpion.
The scorpion is almost dead.
You feel sick. The scorpion closely misses you.
You barely miss the scorpion.
The scorpion is almost dead.
You are no longer berserk.
You are exhausted.
You feel yourself slow down.
You feel sick. The scorpion closely misses you.
You barely miss the scorpion.
The scorpion is almost dead.
You feel sick. The scorpion completely misses you.
You hit the scorpion but do no damage.
The scorpion is almost dead.
You feel sick. The scorpion closely misses you.
The scorpion stings you but does no damage.
You hit the scorpion but do no damage.
The scorpion is almost dead.
You feel sick.
You are no longer poisoned.
The scorpion misses you.
You closely miss the scorpion.
The scorpion is almost dead.
The scorpion stings you but does no damage.
The scorpion stings you.
You are lethally poisoned!
The scorpion poisons you!
You closely miss the scorpion.
The scorpion is almost dead.
* * * LOW HITPOINT WARNING * * *
You feel very sick. The scorpion closely misses you.
You hit the scorpion.
The scorpion is almost dead.
* * * LOW HITPOINT WARNING * * *
You feel very sick. The scorpion stings you!
You die...

# #. #+#
#.s##.##
#s@<.+
#.s##.##
#. #+# #


You could see 3 scorpions.

Vanquished Creatures
  A scorpion (D)
1 creature vanquished.

Vanquished Creatures (others)
  Menkaure (D)
1 creature vanquished.

Grand Total: 2 creatures vanquished

Notes
Turn   | Place    | Note
-------+----------+-------------------------------------------
     0 | D        | dialectric the Spriggan Brigand began the quest for the
                  | Orb.
     0 | D        | Reached XP level 1. HP: 10/10 MP: 2/2
     1 | D        | Noticed a scorpion
     1 | D        | Noticed a scorpion
     1 | D        | Noticed a scorpion
     1 | D        | Noticed a scorpion
    11 | D        | Killed a scorpion
    12 | D        | Reached skill level 11 in Stealth
    12 | D        | Reached XP level 2. HP: 16/16 MP: 3/3
    12 | D        | Reached XP level 3. HP: 19/19 MP: 4/4
    12 | D        | Killed Menkaure
    27 | D        | Slain by a scorpion

Illustrated notes

Levels and vault maps discovered:
D:        the_violet_keep_of_menkaure [sprint2_stairs_cluster_1,
          sprint2_shoproom, sprint2_temple, sprint2_basic_supplies,
          sprint2_obstacle_1, sprint2_obstacle_4, sprint2_obstacle_6,
          sprint2_obstacle_7, sprint2_obstacle_5, sprint2_timed_cluster_1,
          sprint2_smallroom_cluster_1, sprint2_smallroom_final_cluster_1,
          sprint2_transparent_cluster_1, sprint2_second_timed_cluster_1,
          sprint2_sniper_area_1, sprint2_heavy_combat_area_1,
          sprint2_mutation_trap_area_1, sprint2_forest_area_1,
          sprint2_light_combat_area_1, sprint2_behind_water_1,
          sprint2_near_end_vault_1]

Skill      XL: |  1 |
---------------+----+-----
Fighting       | 2 |  2.3
Short Blades   | 3 |  3.3
Stealth        | 11 | 11.2
Throwing       | |  2.9
Dodging        | |  1.8

Action                     || total
---------------------------++-------
  Melee: Dagger            ||    25
    Use: Potion            ||     1
 Armour: Robe              ||     6
  Dodge: Dodged            ||    12

Table legend: (Time is in decaauts)
 A = Elapsed time spent in this place.
 B = Non-inter-level travel time spent in this place.
 C = Inter-level travel time spent in this place.
 D = Time resting spent in this place.
 E = Time spent auto-exploring this place.
 F = Levels seen in this place.
 G = Mean time per level.
                   A        B        C        D        E       F      G
               +--------+--------+--------+--------+--------+-----+--------+
         Total |     19 |     19 |      0 |      0 |      0 |   1 |   19.0 |
       Dungeon |     19 |     19 |      0 |      0 |      0 |   1 |   19.0 |
               +--------+--------+--------+--------+--------+-----+--------+

Top non-repeatable levels by time:
       D: 19 daAuts
